 Dungeon Crawl Stone Soup version 0.31.0-32-g396128a36d (webtiles) character file.

Game seed: 14281330819473427950

1749 Ijustatesigmund the Trooper (level 9, -4/93 HPs)
             Began as an Oni Conjurer on Mar 12, 2024.
             Was an Initiate of Cheibriados.
             Killed from afar by Maggie (11 damage)
             ... with a bolt of fire
             ... on level 7 of the Dungeon.
             The game lasted 00:13:15 (7641 turns).

Ijustatesigmund the Trooper (Oni Conjurer)          Turns: 7641, Time: 00:13:16

Health: -4/93      AC:  7    Str: 14    XL:     9   Next: 6%
Magic:  2/18       EV:  9    Int: 24    God:    Cheibriados [......]
Gold:   569        SH:  0    Dex:  8    Spells: 14/21 levels left

rFire   . . .        c - +0 giant spiked club
rCold   + . .        (shield currently unavailable)
rNeg    + . .        a - +0 acid dragon scales
rPois   .            (helmet restricted)
rElec   +            (no cloak)
rCorr   +            (gloves unavailable)
SInv    +            (boots unavailable)
Will    +....        (no amulet)
Stlth   +            l - ring "Foekhl Fofo" {rElec rC+ rN+ SInv}
HPRegen 0.35/turn    (no ring)
MPRegen 0.16/turn

%: no passive effects
@: enlightened, flying, mesmerised, very slow
A: large, unfitting armour, horns 1, tough skin 1, double potion healing,
drunken brawling
a: Renounce Religion


You were on level 7 of the Dungeon.
You worshipped Cheibriados.
Cheibriados was noncommittal.
You visited 1 branch of the dungeon, and saw 7 of its levels.

You collected 569 gold pieces.

Inventory:

Hand Weapons
 c - a +0 giant spiked club (weapon)
 t - a +3 flail
Armour
 a - +0 acid dragon scales (worn)
Jewellery
 l - the ring "Foekhl Fofo" (left hand) {rElec rC+ rN+ SInv}
   (You found it on level 2 of the Dungeon)

   [ring of protection from cold]

   rC+:       It protects you from cold.
   rElec:     It insulates you from electricity.
   rN+:       It protects you from negative energy.
   SInv:      It lets you see invisible.
 v - a ring of ice
Wands
 j - a wand of polymorph (18)
Scrolls
 d - a scroll of summoning {unknown}
 f - a scroll of fog {unknown}
 g - a scroll of enchant weapon {unknown}
 i - 5 scrolls of blinking
 k - 2 scrolls of vulnerability {unknown}
 m - 4 scrolls of poison {unknown}
 n - a scroll of fear {unknown}
 q - 5 scrolls of teleportation {unknown}
 r - a scroll of identify
 u - a scroll of revelation {unknown}
Potions
 b - a potion of magic
 e - 2 potions of might {unknown}
 h - a potion of brilliance
 o - a potion of attraction {unknown}
 p - a potion of mutation {unknown}
 s - a potion of enlightenment


   Skills:
 + Level 7.0 Fighting
 + Level 4.3 Maces & Flails
 - Level 3.0 Armour
 - Level 1.7 Dodging
 - Level 1.4 Stealth
 + Level 6.5 Spellcasting
 - Level 5.1 Conjurations
 + Level 3.2 Translocations
 + Level 1.1 Invocations


You had 14 spell levels left.
You knew the following spells:

 Your Spells              Type           Power      Damage    Failure   Level
a - Magic Dart            Conj           100%       1d8       1%          1
b - Searing Ray           Conj           64%        2d6       1%          2
c - Iskenderun's Mystic   Conj/Tloc      27%        2d7       19%         4

Your spell library contained the following spells:

 Spells                   Type           Power      Damage    Failure   Level
 Passage of Golubria      Tloc           23%        N/A       28%         4
 Tukima's Dance           Hex            7%         N/A       32%         3
 Fulminant Prism          Conj/Alch      10%        3d8       36%         4
 Yara's Violent Unravell  Hex/Alch       3%         3d4       96%         5


Dungeon Overview and Level Annotations

Branches:
Dungeon (7/15)             Temple (0/1) D:5

Altars:
Cheibriados
Dithmenos
Kikubaaqudgha
Makhleb
Qazlal
Ru
Trog
Zin
The Shining One

Shops:
D:7 *(:

Annotations:
D:4 2 transporters, mursu's ghost, amateur DgFi
D:7 Maggie


Innate Abilities, Weirdness & Mutations

You are too large for most types of armour.
You have a pair of small horns on your head.
You have tough skin. (AC +1)
You gain doubled healing and magic from potions.
Whenever you drink a healing potion, you attack all around you.


Message History

Confirm with . or Enter, or press ? or * to list all spells.
You erupt in a blast of force!
The mystic blast hits Maggie.
Maggie is moderately wounded.
Maggie is knocked back by the mystic blast.
Unknown command.
Maggie closely misses you.
Maggie hits you from afar with a +0 halberd!
* * * LOW HITPOINT WARNING * * *
Maggie hits you with a +0 halberd.
* * * LOW HITPOINT WARNING * * *
You closely miss Maggie.
Maggie is moderately wounded.
Maggie hits you with a +0 halberd.
* * * LOW HITPOINT WARNING * * *
You sock Maggie! You headbutt Maggie, but do no damage.
Maggie is moderately wounded.
Maggie casts a spell.
Maggie attempts to bespell you! You resist with almost no effort.
Maggie shouts, "Leave me alone!"
Maggie casts a spell.
Maggie attempts to bespell you! You resist with almost no effort.
You puncture Maggie! Your headbutt misses Maggie.
Maggie is severely wounded.
Maggie hits you with a +0 halberd!
* * * LOW HITPOINT WARNING * * *
Maggie mumbles some strange words.
Maggie attempts to bespell you!
You are mesmerised by Maggie!
Your magical contamination has completely faded away.
Casting: Iskenderun's Mystic Blast (dangerous; 19% risk of failure)
Confirm with . or Enter, or press ? or * to list all spells.
Aiming: Searing Ray (safe; 1% risk of failure)
Press: ? - help, Shift-Dir - straight line, f - Maggie
Aim: Maggie, wielding a +0 halberd and wearing +1 swamp dragon scales (severely wounded, mesmerising, 83% to hit)
The searing ray hits Maggie!
Maggie is severely wounded. (Press . to maintain the ray.) Maggie casts a spell at you.
The bolt of fire hits you!
You die...

....## ....###.
....#.. .... .....#
.... #####...##
..... #⌠..#....#
..... #.>.#.@..#
......#..∩#.@8.##..
#....#####.....#..
#.)....∩.....#
###[....######
##.8.†#∩..#
##...#.<.#
##..#..⌠#
##.#######
##.......#


You could see Maggie (mesmerising).

Vanquished Creatures
  Grinder (D:3)
  A sky beast (D:6)
  2 ogres
  A centaur (D:7)
  A phantom (D:5)
  A bullfrog (D:6)
  3 scorpions
  A jelly (D:4)
  2 electric eels (D:6)
  4 howler monkeys
  2 hounds
  3 bombardier beetles
  2 orc priests
  2 orc wizards
  Robin (D:4)
  11 gnolls
  7 adders
  A shadow imp (D:6)
  4 ribbon worms
  20 orcs
  6 ball pythons
  10 endoplasms
  2 giant cockroaches (D:1)
  16 goblins
  13 hobgoblins
  2 jackals
  40 kobolds
  4 quokkas
  2 bats
  5 frilled lizards
  7 rats (D:1)
177 creatures vanquished.

Vanquished Creatures (others)
  2 adders (D:6)
2 creatures vanquished.

Grand Total: 179 creatures vanquished

Notes
Turn   | Place    | Note
-------+----------+-------------------------------------------
     0 | D:1      | Ijustatesigmund the Oni Conjurer began the quest for the
                  | Orb.
     0 | D:1      | Reached XP level 1. HP: 16/16 MP: 3/3
    65 | D:1      | Reached skill level 1 in Fighting
    88 | D:1      | Reached XP level 2. HP: 23/27 MP: 3/5
   106 | D:1      | Found a faded altar of an unknown god.
   701 | D:1      | Reached XP level 3. HP: 33/35 MP: 5/7
   731 | D:1      | Reached skill level 2 in Fighting
   942 | D:2      | Learned a level 2 spell: Searing Ray
  1064 | D:2      | Identified the ring "Foekhl Fofo" {rElec rC+ rN+ SInv}
  1316 | D:2      | Noticed an ogre
  1327 | D:2      | Killed an ogre
  1328 | D:2      | Reached skill level 3 in Fighting
  1328 | D:2      | Reached XP level 4. HP: 22/45 MP: 0/9
  1328 | D:2      | Reached XP level 5. HP: 26/53 MP: 0/10
  2248 | D:3      | Identified the +4 dagger of the Vaults {venom, Int+3 SInv}
  2335 | D:3      | Noticed Grinder
  2356 | D:3      | Paralysed by Grinder for 2 turns
  2359 | D:3      | Killed Grinder
  2360 | D:3      | Reached skill level 4 in Fighting
  2360 | D:3      | Reached XP level 6. HP: 31/63 MP: 5/12
  2607 | D:3      | Reached skill level 5 in Conjurations
  2613 | D:3      | Reached XP level 7. HP: 13/69 MP: 10/14
  3026 | D:3      | Reached skill level 5 in Fighting
  3145 | D:3      | Learned a level 4 spell: Iskenderun's Mystic Blast
  3574 | D:4      | Reached skill level 5 in Spellcasting
  3646 | D:4      | Found a transporter.
  3649 | D:4      | Found a transporter.
  3649 | D:4      | Noticed mursu's ghost (amateur DgFi)
  3777 | D:4      | Noticed Robin
  3785 | D:4      | Killed Robin
  4167 | D:4      | Reached skill level 1 in Translocations
  4174 | D:4      | Reached skill level 1 in Armour
  4714 | D:5      | Entered Level 5 of the Dungeon
  4880 | D:5      | Reached XP level 8. HP: 70/83 MP: 8/16
  5106 | D:5      | Found a staircase to the Ecumenical Temple.
  5188 | D:5      | Reached skill level 6 in Fighting
  5957 | D:6      | Found a stormy altar of Qazlal.
  5957 | D:6      | Found an ancient bone altar of Kikubaaqudgha.
  6161 | D:6      | Found a snail-covered altar of Cheibriados.
  6163 | D:6      | Found a glowing golden altar of the Shining One.
  6164 | D:6      | Found a sacrificial altar of Ru.
  6165 | D:6      | Found a glowing silver altar of Zin.
  6165 | D:6      | Found a burning altar of Makhleb.
  6165 | D:6      | Found a shadowy altar of Dithmenos.
  6259 | D:6      | Found a bloodstained altar of Trog.
  7566 | D:6      | Became a worshipper of Cheibriados the Contemplative
  7584 | D:7      | Found Coala's Book Shoppe.
  7586 | D:7      | Found Osadgh's Weapon Shoppe.
  7588 | D:7      | Found Jorinih's General Store.
  7606 | D:7      | Reached XP level 9. HP: 83/92 MP: 18/18
  7627 | D:7      | Noticed Maggie
  7628 | D:7      | Reached skill level 7 in Fighting
  7628 | D:7      | Reached skill level 1 in Invocations
  7641 | D:7      | Killed from afar by Maggie

Illustrated notes

Levels and vault maps discovered:
D:1:      moated_graveyard_arrival, layout_loops_ring,
          hellmonk_ecumenical_altar_dog_temple
D:2:      layout_rooms, minmay_statues_item
D:3:      layout_basic, uniq_grinder
D:4:      layout_loops_corners, gammafunk_ghost_arena, dreamdust_gnoll_farm,
          uniq_robin
D:5:      layout_cave_pools, minmay_temple_entry_waves
D:6:      minmay_goblin_kobold_castle, layout_rooms, grunt_temple_overflow_open,
          mainiacjoe_overflow_tiny_flanked,
          chequers_temple_overflow_statue_of_worship
D:7:      layout_cave_pods, serial_shops, shop,
          nicolae_shop_distant_corner_stores, uniq_maggie

Skill      XL: |  1  2  3  4  5  6  7  8  9 |
---------------+----------------------------+-----
Fighting       | 1 3 4 5 6 7 |  7.0
Spellcasting   | 3 4 5 6 |  6.5
Conjurations   | 4 5 |  5.1
Maces & Flails | 2 3 4 |  4.3
Translocations | 1 3 |  3.2
Armour         | 1 3 |  3.0
Invocations    | 1 |  1.1
Dodging        | |  1.7
Stealth        | |  1.4

Action                     |  1- 3 |  4- 6 |  7- 9 || total
---------------------------+-------+-------+-------++-------
  Melee: Hand axe          |    59 |       |       ||    59
         Headbutt          |     2 |    10 |    47 ||    59
         Punch             |     1 |       |       ||     1
         Giant spiked club |       |    80 |   258 ||   338
   Cast: Magic Dart        |    42 |    27 |    81 ||   150
         Searing Ray       |     2 |     5 |    18 ||    25
         Iskenderun's Myst |       |       |     4 ||     4
    Use: Potion            |       |     2 |     5 ||     7
         Scroll            |       |       |     4 ||     4
   Stab: Sleeping          |     1 |     1 |     1 ||     3
         Invisible         |       |       |     1 ||     1
 Armour: Robe              |    34 |   104 |    20 ||   158
         Acid dragon scale |       |       |   335 ||   335
  Dodge: Dodged            |    30 |    85 |   250 ||   365
